 Dungeon Crawl Stone Soup version 0.29.1-12-g30fa7ad0bf (webtiles) character file.

Game seed: 7877403676011555101

759 MisterFreud the Twirler (level 8, -2/62 HPs)
             Began as a Formicid Gladiator on Dec 28, 2022.
             Slain by a wight
             ... wielding a +0 flail
              (9 damage)
             ... on level 8 of the Dungeon.
             The game lasted 00:03:43 (4575 turns).

MisterFreud the Twirler (Formicid Gladiator)        Turns: 4575, Time: 00:03:44

Health: -2/62      AC:  9    Str: 22    XL:     8   Next: 7%
Magic:  8/8        EV:  9    Int:  7    God:
Gold:   149        SH:  0    Dex: 15    Spells: 7/7 levels left

rFire   . . .      SeeInvis +   a - +1 quarterstaff
rCold   . . .      Faith    .   (no shield)
rNeg    . . .      Spirit   .   o - +0 chain mail
rPois   .          Reflect  .   (helmet unavailable)
rElec   .          Harm     .   (no cloak)
rCorr   .          Rampage  .   (no gloves)
Will    .....                   (no boots)
Stlth   ..........              (no amulet)
HPRegen 0.20/turn               (no ring)
MPRegen 0.11/turn               (no ring)

@: no status effects
A: permanent stasis, dig shafts and tunnels, antennae 3, four strong arms
a: Dig, Shaft Self


You were on level 8 of the Dungeon.
You visited 1 branch of the dungeon, and saw 6 of its levels.

You collected 149 gold pieces.

Inventory:

Hand Weapons
 a - a +1 quarterstaff (weapon)
Missiles
 c - 3 throwing nets (quivered)
 d - a javelin
 q - 3 silver boomerangs
Armour
 b - a +0 leather armour
 o - a +0 chain mail (worn)
Jewellery
 e - a +4 ring of evasion
Wands
 m - a wand of paralysis (9)
Scrolls
 i - 2 scrolls of immolation
 k - a scroll of vulnerability
 n - a scroll of amnesia
Potions
 f - 2 potions of degeneration {unknown}
 g - 3 potions of curing
 h - a potion of heal wounds {unknown}
 j - 2 potions of brilliance {unknown}
 l - 2 potions of attraction {unknown}
 p - a potion of cancellation {unknown}


   Skills:
 - Level 5.0 Fighting
 + Level 6.3 Staves
 - Level 2.0 Throwing
 - Level 5.0 Armour
 - Level 2.6 Dodging


You had 7 spell levels left.
You didn't know any spells.
Your spell library contained the following spells:

 Spells                   Type           Power      Damage    Failure   Level
 Freeze                   Ice            0%         1d3       98%         1
 Scorch                   Fire           0%         2d5       99%         2
 Dazzling Flash           Conj/Hex       0%         N/A       100%        3
 Frozen Ramparts          Ice            0%         1d1       100%        3
 Lesser Beckoning         Tloc           0%         N/A       100%        3
 Flame Wave               Conj/Fire      0%         2d4       100%        4
 Hailstorm                Conj/Ice       0%         3d3       100%        4
 Iskenderun's Mystic Bla  Conj/Tloc      0%         2d3       100%        4
 Manifold Assault         Tloc           0%         N/A       100%        5
 Starburst                Conj/Fire      0%         6d3       100%        6
 Summon Cactus Giant      Summ           0%         N/A       100%        6
 Blink                    Tloc           Unusable   N/A       N/A         2

Dungeon Overview and Level Annotations

Branches:
Dungeon (5/15)
 Temple: D:4-7

Altars:
Nemelex Xobeh
Trog
The Shining One


Innate Abilities, Weirdness & Mutations

You cannot be hasted, slowed, berserked, paralysed or teleported.
You can dig through walls and to a lower floor.
You have a pair of large antennae on your head. (SInv)
Your four strong arms can wield two-handed weapons with a shield.


Message History

The wight hits you but does no damage. x2
The helpless Psyche fails to defend herself.
You hit Psyche.
Psyche is heavily wounded.
The wight hits you but does no damage. x2
The helpless Psyche fails to defend herself.
You thump Psyche!
Psyche is severely wounded.
The wight hits you but does no damage.
The wight hits you from afar with a +2 spear.
The helpless Psyche fails to defend herself.
You hit Psyche.
Psyche is almost dead.
The wight closely misses you.
The wight hits you from afar with a +2 spear.
You feel drained.
The helpless Psyche fails to defend herself.
You hit Psyche.
You kill Psyche!
The wight barely misses you.
The wight hits you from afar with a +2 spear.
You feel drained. The wight hits you but does no damage.
Your life force feels restored.
Training target 5.0 for Armour reached!
Your Armour skill gained 3 levels and is now at level 5!
You need to enable at least one skill for training.
You have reached level 8!
You feel stronger.
Are you sure you want to shaft yourself?
The wight hits you from afar with a +0 spear.
* * * LOW HITPOINT WARNING * * *
The wight hits you from afar with a +2 spear!
* * * LOW HITPOINT WARNING * * *
The wight barely misses you.
You begin to dig a shaft.
You continue digging a shaft.
The wight barely misses you.
The wight hits you from afar with a +2 spear.
* * * LOW HITPOINT WARNING * * *
The wight hits you with a +0 flail!
You die...

#.......). ##..#######
#..## #..#######
##.##.....## ###
###..........#
....#######.............
......z.##...#..........
.....z)@....###.........
..#..z.....## #.........
########## ####......
######


You could see 3 wights.

Vanquished Creatures
  Psyche (D:8)
  2 ogres
  A phantom (D:4)
  A necrophage (D:5)
  An orc priest (D:3)
  Terence (D:2)
  3 gnolls (D:3)
  3 adders
  A worm (D:3)
  A dart slug (D:2)
  8 orcs
  8 bats
  2 endoplasms (D:3)
  8 goblins
  8 hobgoblins
  2 jackals (D:1)
  2 quokkas (D:2)
  5 ball pythons
  2 frilled lizards
  5 kobolds
  5 rats
70 creatures vanquished.

Notes
Turn   | Place    | Note
-------+----------+-------------------------------------------
     0 | D:1      | MisterFreud the Formicid Gladiator began the quest for the
                  | Orb.
     0 | D:1      | Reached XP level 1. HP: 16/16 MP: 1/1
    67 | D:1      | Reached XP level 2. HP: 19/22 MP: 2/2
   467 | D:1      | Found a faded altar of an unknown god.
   834 | D:2      | Reached skill level 4 in Staves
   834 | D:2      | Reached XP level 3. HP: 27/27 MP: 3/3
   837 | D:2      | Noticed Terence
   842 | D:2      | Killed Terence
  1181 | D:2      | Reached XP level 4. HP: 32/33 MP: 4/4
  2242 | D:3      | Found a bloodstained altar of Trog.
  2359 | D:3      | Reached skill level 5 in Staves
  2385 | D:3      | Reached XP level 5. HP: 24/38 MP: 5/5
  3094 | D:3      | Found a sparkling altar of Nemelex Xobeh.
  3473 | D:4      | Reached skill level 6 in Staves
  3507 | D:4      | Noticed an ogre
  3509 | D:4      | Noticed a phantom
  3615 | D:4      | Noticed an ogre
  3625 | D:4      | Killed an ogre
  3626 | D:4      | Reached XP level 6. HP: 34/48 MP: 6/6
  3735 | D:5      | Entered Level 5 of the Dungeon
  3735 | D:5      | Noticed an ogre
  3739 | D:5      | Killed an ogre
  3740 | D:5      | Reached skill level 5 in Fighting
  3740 | D:5      | Reached skill level 1 in Armour
  3740 | D:5      | Reached XP level 7. HP: 34/56 MP: 7/7
  3949 | D:4      | You fall into a shaft and drop 1 floor!
  4248 | D:5      | Noticed a yak
  4249 | D:5      | Noticed a yak
  4249 | D:5      | Noticed a yak
  4254 | D:5      | Noticed a yak
  4255 | D:5      | Noticed a yak
  4263 | D:5      | You fall into a shaft and drop 3 floors!
  4476 | D:8      | Found a glowing golden altar of the Shining One.
  4558 | D:8      | Noticed Psyche
  4573 | D:8      | Killed Psyche
  4574 | D:8      | Reached skill level 5 in Armour
  4574 | D:8      | Reached XP level 8. HP: 18/62 MP: 8/8
  4575 | D:8      | Slain by a wight

Illustrated notes

Levels and vault maps discovered:
D:1:      wander_arrival_estate, layout_rooms, ebering_ecumenical_altar_ruins,
          minmay_misc_feat_roman
D:2:      layout_basic, uniq_terence
D:3:      layout_loops_corners, nemelex_dance_club_becter,
          nicolae_overflow_hidden_temple
D:4:      layout_cave_pools, lemuel_mausoleum_altar_kikubaaqudgha
D:5:      layout_rooms, minmay_temple_entry_slanted, minivault_5
D:8:      layout_cave_pods, mainiacjoe_overflow_alcove_1, fedhas_altar_1,
          tso_metal_star, dpeg_lair_monsters, uniq_maggie, uniq_erica,
          uniq_psyche, uniq_gastronok

Skill      XL: |  1  2  3  4  5  6  7 |
---------------+----------------------+-----
Staves         | 4 5 6 |  6.3
Fighting       | 4 5 |  5.0
Armour         | 1 5 |  5.0
Throwing       | |  2.0
Dodging        | |  2.6

Action                   |  1- 3 |  4- 6 |  7- 9 || total
-------------------------+-------+-------+-------++-------
Melee: Quarterstaff      |    56 |   122 |    30 ||   208
       Punch             |     1 |       |       ||     1
 Abil: Shaft Self        |       |       |     3 ||     3
Evoke: Wand              |       |       |     1 ||     1
  Use: Scroll            |     4 |     5 |       ||     9
       Potion            |       |     1 |       ||     1
 Stab: Paralysed         |       |       |     7 ||     7
Armor: Leather armour    |    14 |    23 |     3 ||    40
       Chain mail        |       |       |     8 ||     8
Dodge: Dodged            |    39 |    75 |    14 ||   128
